[Event "EYTCC U18 Girls 2019"]
[Site "Pardubice"]
[Date "2019.07.14"]
[Round "4.30"]
[White "Sankova, Stella"]
[Black "Malicka, Maria"]
[Result "1-0"]
[ECO "A06"]
[WhiteElo "1997"]
[BlackElo "2115"]
[Annotator "NA"]
[PlyCount "49"]
[EventDate "2019.07.11"]
[EventType "swiss"]
[EventCountry "CZE"]
[SourceTitle "playchess.com"]
[Source "ChessBase"]
[SourceQuality "1"]
[WhiteTeam "Slovakia"]
[BlackTeam "Poland"]
[WhiteTeamCountry "SVK"]
[BlackTeamCountry "POL"]
[TimeControl "40/5400+30:1800+30"]

1. Nf3 d5 2. c4 e6 3. b3 Nf6 4. Bb2 Be7 5. g3 O-O 6. Bg2 b6 7. O-O Bb7 8. e3 c5 9. Qe2 Nc6 10. Rd1 Rc8 11. Nc3 dxc4 12. bxc4 Qc7 13. Rac1 Rfd8 14. d4 cxd4 15. exd4 Ba6 16. Nb5 Qb8 17. Bh3 Bxb5 18. cxb5 Nb4 19. Bxe6 Rxc1 20. Rxc1 Nfd5 21. a3 fxe6 22. Qxe6+ Kh8 23. Ne5 Rf8 24. axb4 Qd6 25. Nf7+ 1-0

[Event "EYTCC U18 Girls 2019"]
[Site "Pardubice"]
[Date "2019.07.14"]
[Round "4.31"]
[White "Sliwicka, Alicja"]
[Black "Lehaci, Miruna-Daria"]
[Result "1-0"]
[ECO "C17"]
[WhiteElo "2261"]
[BlackElo "2201"]
[Annotator "NA"]
[PlyCount "115"]
[EventDate "2019.07.11"]
[EventType "swiss"]
[EventCountry "CZE"]
[SourceTitle "playchess.com"]
[Source "ChessBase"]
[SourceQuality "1"]
[WhiteTeam "Poland"]
[BlackTeam "Romania"]
[WhiteTeamCountry "POL"]
[BlackTeamCountry "ROU"]
[TimeControl "40/5400+30:1800+30"]

1. e4 e6 2. d4 d5 3. Nc3 Bb4 4. e5 c5 5. Bd2 Ne7 6. Nb5 Bxd2+ 7. Qxd2 O-O 8. c3 b6 9. f4 a6 10. Nd6 Bd7 11. Bd3 f6 12. Nf3 Be8 13. O-O Bg6 14. Bxg6 Nxg6 15. f5 exf5 16. dxc5 Ne7 17. Nd4 Qd7 18. N4xf5 Nbc6 19. exf6 Rxf6 20. Nxe7+ Nxe7 21. Rxf6 gxf6 22. Nc4 Qc6 23. Nxb6 Qxc5+ 24. Qf2 Qxf2+ 25. Kxf2 Rb8 26. Na4 Kf7 27. Rd1 Rb5 28. b3 Nf5 29. Nb2 Rc5 30. c4 dxc4 31. Nxc4 Ne7 32. Rd6 Nc6 33. Rd7+ Kg6 34. Ke3 Ne5 35. Rd4 h5 36. Nxe5+ Rxe5+ 37. Re4 Rc5 38. Kd3 Kf5 39. Rc4 Re5 40. Ra4 a5 41. a3 Rd5+ 42. Rd4 Rc5 43. b4 axb4 44. axb4 Rc1 45. g3 Rb1 46. Kc4 Rc1+ 47. Kd5 Rc2 48. Rh4 Rd2+ 49. Kc6 Kg6 50. b5 Rc2+ 51. Kb7 Rb2 52. b6 Kg5 53. Kc7 Rc2+ 54. Kb8 f5 55. b7 Rb2 56. Rc4 Rxh2 57. Kc7 Rb2 58. b8=Q 1-0

[Event "EYTCC U18 Girls 2019"]
[Site "Pardubice"]
[Date "2019.07.14"]
[Round "4.32"]
[White "Ciolacu, Alessia-Mihaela"]
[Black "Sowa, Wiktoria"]
[Result "1-0"]
[ECO "A48"]
[WhiteElo "2199"]
[BlackElo "2108"]
[Annotator "NA"]
[PlyCount "85"]
[EventDate "2019.07.11"]
[EventType "swiss"]
[EventCountry "CZE"]
[SourceTitle "playchess.com"]
[Source "ChessBase"]
[SourceQuality "1"]
[WhiteTeam "Romania"]
[BlackTeam "Poland"]
[WhiteTeamCountry "ROU"]
[BlackTeamCountry "POL"]
[TimeControl "40/5400+30:1800+30"]

1. d4 Nf6 2. Nf3 g6 3. Nbd2 d5 4. e3 Bg7 5. b4 O-O 6. Bb2 Qd6 7. a3 Ne4 8. Nxe4 dxe4 9. Nd2 f5 10. c4 a5 11. c5 Qf6 12. Bc4+ Kh8 13. Rb1 Nd7 14. h4 h6 15. Kf1 e5 16. d5 Qe7 17. Kg1 Nf6 18. Nf1 Rd8 19. Qb3 axb4 20. axb4 Bd7 21. Qc3 Nh5 22. Nd2 f4 23. Re1 Bf5 24. Qb3 Nf6 25. exf4 exf4 26. Bd3 e3 27. fxe3 Bxd3 28. Bxf6 Qxf6 29. Qxd3 fxe3 30. Qxe3 Rxd5 31. Nf3 Rad8 32. Kh2 Rd3 33. Qe4 b6 34. Rhf1 Kg8 35. Ng5 Qd4 36. Qe6+ Kh8 37. Nf7+ Kh7 38. Re4 Qb2 39. Rg4 g5 40. hxg5 h5 41. g6+ Kg8 42. Nh6+ Kh8 43. Qg8+ 1-0

[Event "EYTCC U18 Girls 2019"]
[Site "Pardubice"]
[Date "2019.07.14"]
[Round "4.33"]
[White "Stroganova, Karina"]
[Black "Katkov, Michelle"]
[Result "0-1"]
[ECO "A46"]
[WhiteElo "1875"]
[BlackElo "2129"]
[Annotator "NA"]
[PlyCount "100"]
[EventDate "2019.07.11"]
[EventType "swiss"]
[EventCountry "CZE"]
[SourceTitle "playchess.com"]
[Source "ChessBase"]
[SourceQuality "1"]
[WhiteTeam "Russia"]
[BlackTeam "Israel"]
[WhiteTeamCountry "RUS"]
[BlackTeamCountry "ISR"]
[TimeControl "40/5400+30:1800+30"]

1. d4 Nf6 2. Nf3 e6 3. Bf4 c5 4. e3 d5 5. c3 Bd6 6. Bb5+ Nc6 7. Bxc6+ bxc6 8. Bxd6 Qxd6 9. Qa4 O-O 10. Nbd2 Bd7 11. Qa3 Qb8 12. dxc5 Qb5 13. Ne5 Rfb8 14. b3 a5 15. c4 Qb7 16. O-O Qc7 17. Qb2 Ne8 18. Rfd1 f6 19. Nxd7 Qxd7 20. cxd5 cxd5 21. e4 dxe4 22. Nxe4 Qc6 23. Qe2 a4 24. Nd6 Nc7 25. Qc4 Nd5 26. Re1 Rb4 27. Qc2 Nf4 28. f3 Ra5 29. Ne4 f5 30. Qd2 Nd5 31. a3 Rbb5 32. b4 fxe4 33. fxe4 Nxb4 34. Qd8+ Kf7 35. Rf1+ Kg6 36. axb4 Ra7 37. Qd4 h6 38. Ra3 Kh7 39. e5 Rb8 40. Qd3+ Kh8 41. Qg6 Qd5 42. Raf3 Raa8 43. Rf7 Qxe5 44. Qc2 a3 45. Qa2 Rxb4 46. Rf8+ Rxf8 47. Rxf8+ Kh7 48. Qc2+ Re4 49. c6 a2 50. Ra8 a1=Q+ 0-1

[Event "EYTCC U18 Girls 2019"]
[Site "Pardubice"]
[Date "2019.07.14"]
[Round "4.34"]
[White "Levitan, Ronit"]
[Black "Beliakova, Ilona"]
[Result "1-0"]
[ECO "C43"]
[WhiteElo "2022"]
[BlackElo "1759"]
[Annotator "NA"]
[PlyCount "89"]
[EventDate "2019.07.11"]
[EventType "swiss"]
[EventCountry "CZE"]
[SourceTitle "playchess.com"]
[Source "ChessBase"]
[SourceQuality "1"]
[WhiteTeam "Israel"]
[BlackTeam "Russia"]
[WhiteTeamCountry "ISR"]
[BlackTeamCountry "RUS"]
[TimeControl "40/5400+30:1800+30"]

1. e4 e5 2. Nf3 Nf6 3. d4 Nxe4 4. Bd3 d5 5. dxe5 Nc5 6. Be2 Be7 7. Be3 O-O 8. O-O b6 9. Nc3 Bb7 10. Nd4 Nc6 11. Nf5 Qd7 12. Bg4 Ne6 13. Nxd5 Rad8 14. Ndxe7+ Nxe7 15. Qxd7 Rxd7 16. Nxe7+ Rxe7 17. f4 c5 18. c3 Nc7 19. c4 f6 20. Bd2 fxe5 21. fxe5 Rxf1+ 22. Rxf1 Ne6 23. Re1 a5 24. Kf2 h6 25. Kg3 Ba6 26. b3 a4 27. Bc3 g5 28. Rd1 Nd4 29. Bxd4 cxd4 30. e6 axb3 31. axb3 h5 32. Bf5 Bc8 33. Rxd4 Kg7 34. Rd7 Kf6 35. Rxe7 Kxe7 36. h4 gxh4+ 37. Kxh4 Bb7 38. Bh3 Bc6 39. Kxh5 b5 40. cxb5 Bxb5 41. Bf5 Kf6 42. g4 Be8+ 43. Kh4 Bc6 44. Kg3 Bd5 45. b4 1-0

[Event "EYTCC U18 Girls 2019"]
[Site "Pardubice"]
[Date "2019.07.14"]
[Round "4.35"]
[White "Kuhar, Larisa"]
[Black "Kopcova, Ludmila"]
[Result "0-1"]
[ECO "C67"]
[WhiteElo "1894"]
[BlackElo "1980"]
[Annotator "NA"]
[PlyCount "112"]
[EventDate "2019.07.11"]
[EventType "swiss"]
[EventCountry "CZE"]
[SourceTitle "playchess.com"]
[Source "ChessBase"]
[SourceQuality "1"]
[WhiteTeam "Slovenia"]
[BlackTeam "Czech Republic"]
[WhiteTeamCountry "SLO"]
[BlackTeamCountry "CZE"]
[TimeControl "40/5400+30:1800+30"]

1. e4 e5 2. Nf3 Nc6 3. Bb5 Nf6 4. O-O Nxe4 5. d4 Nd6 6. Bxc6 dxc6 7. dxe5 Nf5 8. Qxd8+ Kxd8 9. Nc3 h6 10. h3 Bd7 11. b3 Kc8 12. Bb2 b6 13. Rad1 Ne7 14. Ne4 c5 15. Rfe1 Be6 16. Nh4 g5 17. Nf3 Nc6 18. Rd2 c4 19. Nd4 Nxd4 20. Rxd4 cxb3 21. cxb3 Bg7 22. Rd2 Rd8 23. Rc2 Kb7 24. Ng3 a5 25. Nh5 Bf8 26. Rec1 Bc5 27. Nf6 Bf5 28. Re2 a4 29. Bc3 Ba3 30. Rce1 Rd3 31. Re3 Rxe3 32. Rxe3 axb3 33. axb3 Bc5 34. Re2 Ra3 35. g4 Be6 36. Ne4 Bf8 37. b4 Bd5 38. Nf6 Bc6 39. Be1 Rxh3 40. Ne4 Rb3 41. Kg2 Bxb4 42. f3 Bxe1 43. Rxe1 Rb2+ 44. Kg3 b5 45. Re3 Bd5 46. Nf6 Be6 47. Re1 b4 48. Rh1 Rc2 49. Ne4 b3 50. Nf2 Bc4 51. Rb1 c5 52. Nd1 Be6 53. Ne3 Re2 54. Nf5 c4 55. Nd4 Rd2 56. Nb5 Kb6 0-1

[Event "EYTCC U18 Girls 2019"]
[Site "Pardubice"]
[Date "2019.07.14"]
[Round "4.36"]
[White "Gresova, Zuzana"]
[Black "Kralj, Nika"]
[Result "1-0"]
[ECO "E91"]
[WhiteElo "1919"]
[BlackElo "1807"]
[Annotator "NA"]
[PlyCount "55"]
[EventDate "2019.07.11"]
[EventType "swiss"]
[EventCountry "CZE"]
[SourceTitle "playchess.com"]
[Source "ChessBase"]
[SourceQuality "1"]
[WhiteTeam "Czech Republic"]
[BlackTeam "Slovenia"]
[WhiteTeamCountry "CZE"]
[BlackTeamCountry "SLO"]
[TimeControl "40/5400+30:1800+30"]

1. d4 Nf6 2. c4 g6 3. Nc3 Bg7 4. e4 d6 5. Nf3 O-O 6. Be2 Nc6 7. Bg5 h6 8. Bh4 Nh5 9. d5 Ne5 10. Nxe5 Bxe5 11. Bxh5 gxh5 12. Qxh5 Kh7 13. O-O f5 14. f4 Bg7 15. Qe2 Bf6 16. Bxf6 Rxf6 17. Rae1 Rf7 18. Kh1 c6 19. e5 Rg7 20. e6 Qc7 21. Qh5 b6 22. Qxf5+ Kg8 23. Qh5 Kh7 24. f5 Qd8 25. Re3 Qf8 26. f6 exf6 27. Ne4 Rg6 28. Ref3 1-0

[Event "EYTCC U18 Girls 2019"]
[Site "Pardubice"]
[Date "2019.07.14"]
[Round "4.37"]
[White "Urh, Zala"]
[Black "Zeliantsova, Kseniya"]
[Result "1-0"]
[ECO "A41"]
[WhiteElo "2072"]
[BlackElo "1907"]
[Annotator "NA"]
[PlyCount "81"]
[EventDate "2019.07.11"]
[EventType "swiss"]
[EventCountry "CZE"]
[SourceTitle "playchess.com"]
[Source "ChessBase"]
[SourceQuality "1"]
[WhiteTeam "Slovenia"]
[BlackTeam "Belarus"]
[WhiteTeamCountry "SLO"]
[BlackTeamCountry "BLR"]
[TimeControl "40/5400+30:1800+30"]

1. d4 g6 2. c4 Bg7 3. Nc3 d6 4. Nf3 Nd7 5. e4 e5 6. Be3 Ne7 7. dxe5 Nxe5 8. Nxe5 Bxe5 9. Qd2 Be6 10. Be2 a6 11. g4 Qd7 12. f4 Bxc3 13. Qxc3 f6 14. f5 Bf7 15. Qxf6 Rf8 16. Bg5 Ng8 17. Qg7 Qc6 18. O-O gxf5 19. Rxf5 d5 20. exd5 Qg6 21. Qxg6 Bxg6 22. Rxf8+ Kxf8 23. Rf1+ Kg7 24. Bd2 Ne7 25. Bc3+ Kg8 26. h4 Re8 27. Re1 Nc8 28. Bf3 Rf8 29. Kg2 Nb6 30. b3 Rd8 31. h5 Bf7 32. g5 Nc8 33. Bf6 Rf8 34. Bg4 Nd6 35. Kg3 a5 36. Re2 b6 37. Re7 Ne8 38. Be5 b5 39. Kh4 bxc4 40. bxc4 a4 41. a3 1-0

[Event "EYTCC U18 Girls 2019"]
[Site "Pardubice"]
[Date "2019.07.14"]
[Round "4.38"]
[White "Kuzich, Aryna"]
[Black "Hercog, Nusa"]
[Result "1/2-1/2"]
[ECO "B48"]
[WhiteElo "1902"]
[BlackElo "2053"]
[Annotator "NA"]
[PlyCount "176"]
[EventDate "2019.07.11"]
[EventType "swiss"]
[EventCountry "CZE"]
[SourceTitle "playchess.com"]
[Source "ChessBase"]
[SourceQuality "1"]
[WhiteTeam "Belarus"]
[BlackTeam "Slovenia"]
[WhiteTeamCountry "BLR"]
[BlackTeamCountry "SLO"]
[TimeControl "40/5400+30:1800+30"]

1. e4 c5 2. Nf3 Nc6 3. d4 cxd4 4. Nxd4 e6 5. Nc3 Qc7 6. Be3 a6 7. Qf3 Nf6 8. O-O-O Ne5 9. Qg3 d6 10. f4 Neg4 11. Bg1 Bd7 12. h3 Nh6 13. e5 dxe5 14. fxe5 Rc8 15. Qe3 Nd5 16. Nxd5 exd5 17. Bd3 Be6 18. g4 Bc5 19. Qf4 Bxd4 20. Bxd4 Ng8 21. Qg5 g6 22. Kb1 b5 23. h4 h5 24. gxh5 Rxh5 25. Qd2 Ne7 26. Be2 Rh7 27. c3 Kd7 28. Rh2 Nf5 29. Qf4 Rch8 30. Rdh1 f6 31. Bd3 Rh5 32. Be2 R5h6 33. Bd3 Qb8 34. Ka1 Rh5 35. Be2 R5h7 36. Bd3 Rh6 37. Bxf5 Bxf5 38. h5 Be4 39. e6+ Kc6 40. Qxb8 Rxb8 41. hxg6 Rxg6 42. Rh8 Rbg8 43. Rxg8 Rxg8 44. Rh6 Bg6 45. Bxf6 Bf5 46. Bd4 Rg6 47. e7 Kd7 48. Rh5 Be6 49. Bc5 Bf7 50. Rh8 Rg8 51. Rh7 Be8 52. b3 Rg2 53. Rh6 Rg6 54. Rh2 Kc6 55. Bb4 Rg8 56. Kb2 Rg6 57. Kc2 Rg3 58. Rf2 Rg6 59. Kd3 Rg3+ 60. Kd4 Rg4+ 61. Ke5 Rg5+ 62. Kf4 Rg7 63. Re2 Rg6 64. Kf5 Rh6 65. Rf2 Kd7 66. Ke5 Rh5+ 67. Kd4 Rh6 68. Kxd5 Rh5+ 69. Kd4 Rh6 70. Kd3 Bg6+ 71. Kd4 Be8 72. Rd2 Kc6 73. Ke5 Bd7 74. Rd1 Re6+ 75. Kf4 Rg6 76. Re1 Be8 77. Kf5 Rh6 78. c4 bxc4 79. bxc4 Kc7 80. c5 Kc6 81. Rd1 Bd7+ 82. Kg5 Re6 83. Rd6+ Rxd6 84. cxd6 Be8 85. Kf6 Kd7 86. Ke5 Bf7 87. a4 Bh5 88. Kd5 Bg6 1/2-1/2

[Event "EYTCC U18 Girls 2019"]
[Site "Pardubice"]
[Date "2019.07.14"]
[Round "4.39"]
[White "Cvitan, Ena"]
[Black "Jaufarally, Nadia"]
[Result "1-0"]
[ECO "E71"]
[WhiteElo "2202"]
[BlackElo "1944"]
[Annotator "NA"]
[PlyCount "43"]
[EventDate "2019.07.11"]
[EventType "swiss"]
[EventCountry "CZE"]
[SourceTitle "playchess.com"]
[Source "ChessBase"]
[SourceQuality "1"]
[WhiteTeam "Croatia"]
[BlackTeam "England"]
[WhiteTeamCountry "CRO"]
[BlackTeamCountry "ENG"]
[TimeControl "40/5400+30:1800+30"]

1. d4 Nf6 2. c4 g6 3. Nc3 Bg7 4. e4 d6 5. h3 O-O 6. Be3 e5 7. d5 Na6 8. g4 c6 9. Nge2 cxd5 10. cxd5 h5 11. Ng3 hxg4 12. Qd2 gxh3 13. Bxh3 Bxh3 14. Rxh3 Ng4 15. O-O-O Nxe3 16. Qxe3 Qf6 17. Kb1 Rfc8 18. Rg1 Kf8 19. Rh7 Bh8 20. Qh6+ Ke7 21. Nf5+ Kd7 22. Rxg6 1-0

[Event "EYTCC U18 Girls 2019"]
[Site "Pardubice"]
[Date "2019.07.14"]
[Round "4.40"]
[White "Rahulan, Thivyaa"]
[Black "Koksa, Jelena"]
[Result "1-0"]
[ECO "C50"]
[WhiteElo "1878"]
[BlackElo "1781"]
[Annotator "NA"]
[PlyCount "85"]
[EventDate "2019.07.11"]
[EventType "swiss"]
[EventCountry "CZE"]
[SourceTitle "playchess.com"]
[Source "ChessBase"]
[SourceQuality "1"]
[WhiteTeam "England"]
[BlackTeam "Croatia"]
[WhiteTeamCountry "ENG"]
[BlackTeamCountry "CRO"]
[TimeControl "40/5400+30:1800+30"]

1. e4 e5 2. Nf3 Nc6 3. Bc4 Bc5 4. d3 Nf6 5. O-O a6 6. Bb3 Ba7 7. h3 d6 8. c3 h6 9. Re1 g5 10. Nh2 Rg8 11. Be3 h5 12. Bxa7 Rxa7 13. Re3 Qe7 14. Nd2 Nd8 15. d4 Ne6 16. Bxe6 Bxe6 17. d5 Bd7 18. c4 Qf8 19. Rc1 b6 20. b4 a5 21. a3 axb4 22. axb4 Qh6 23. Rec3 Ra2 24. Rd3 g4 25. h4 Ke7 26. Ra1 Rga8 27. Rxa2 Rxa2 28. Nhf1 Ba4 29. Qb1 Bc2 30. Qxa2 Bxd3 31. Ng3 Qg6 32. Nf5+ Kd7 33. Qa4+ Kd8 34. Qa8+ Kd7 35. Qc6+ Kd8 36. Qa8+ Kd7 37. Qf8 Ng8 38. Ng7 Nf6 39. Nf5 Ng8 40. c5 bxc5 41. bxc5 dxc5 42. Nb3 c6 43. Nxc5+ 1-0

[Event "EYTCC U18 Girls 2019"]
[Site "Pardubice"]
[Date "2019.07.14"]
[Round "4.41"]
[White "Koubova, Anna Marie"]
[Black "Pribylova, Sofie"]
[Result "1/2-1/2"]
[ECO "D14"]
[WhiteElo "2094"]
[BlackElo "2093"]
[Annotator "NA"]
[PlyCount "61"]
[EventDate "2019.07.11"]
[EventType "swiss"]
[EventCountry "CZE"]
[SourceTitle "playchess.com"]
[Source "ChessBase"]
[SourceQuality "1"]
[WhiteTeam "Czech Republic"]
[BlackTeam "Czech Republic"]
[WhiteTeamCountry "CZE"]
[BlackTeamCountry "CZE"]
[TimeControl "40/5400+30:1800+30"]

1. d4 d5 2. c4 c6 3. cxd5 cxd5 4. Nf3 Nc6 5. Nc3 Nf6 6. Bf4 Bf5 7. e3 e6 8. Bd3 Bxd3 9. Qxd3 Bd6 10. Bxd6 Qxd6 11. O-O O-O 12. Rfc1 Rfc8 13. a3 a6 14. Na4 Nd7 15. Nc5 Nxc5 16. Rxc5 Ne7 17. Rac1 Rxc5 18. Rxc5 Rc8 19. Rxc8+ Nxc8 20. Ne1 Qc7 21. Qc2 Qxc2 22. Nxc2 Nd6 23. Nb4 Nc4 24. Nd3 Kf8 25. Nc5 Nxb2 26. Nxb7 Nc4 27. Nc5 Nxa3 28. Nxa6 Nc4 29. Nc5 Ke7 30. Kf1 Kd6 31. Ke2 {[%emt 0:00:48] Ke5} 1/2-1/2

[Event "EYTCC U18 Girls 2019"]
[Site "Pardubice"]
[Date "2019.07.14"]
[Round "4.42"]
[White "Nemcova, Karin"]
[Black "Laurincova, Kristyna"]
[Result "1/2-1/2"]
[ECO "B34"]
[WhiteElo "1956"]
[BlackElo "2010"]
[Annotator "NA"]
[PlyCount "45"]
[EventDate "2019.07.11"]
[EventType "swiss"]
[EventCountry "CZE"]
[SourceTitle "playchess.com"]
[Source "ChessBase"]
[SourceQuality "1"]
[WhiteTeam "Czech Republic"]
[BlackTeam "Czech Republic"]
[WhiteTeamCountry "CZE"]
[BlackTeamCountry "CZE"]
[TimeControl "40/5400+30:1800+30"]

1. e4 c5 2. Nf3 Nc6 3. d4 cxd4 4. Nxd4 g6 5. Nc3 Bg7 6. Be3 Nf6 7. Be2 O-O 8. O-O d5 9. exd5 Nxd5 10. Nxd5 Qxd5 11. Bf3 Qc4 12. Nxc6 bxc6 13. c3 Be6 14. b3 Qxc3 15. Rc1 Qa5 16. Bxc6 Rac8 17. Qe2 Rfd8 18. h3 Bd4 19. Bh6 Bg7 20. Be3 Bd4 21. Bh6 Bg7 22. Be3 Bd4 23. Bh6 1/2-1/2

[Event "EYTCC U18 Girls 2019"]
[Site "Pardubice"]
[Date "2019.07.15"]
[Round "5.26"]
[White "TONCHEVA, Nadya"]
[Black "Sankova, Stella"]
[Result "1-0"]
[ECO "E48"]
[WhiteElo "2087"]
[BlackElo "1997"]
[Annotator "NA"]
[PlyCount "77"]
[EventDate "2019.07.11"]
[EventType "swiss"]
[EventCountry "CZE"]
[SourceTitle "playchess.com"]
[Source "ChessBase"]
[SourceQuality "1"]
[BlackTeam "Slovakia"]
[BlackTeamCountry "SVK"]
[TimeControl "40/5400+30:1800+30"]

1. d4 Nf6 2. c4 e6 3. Nc3 Bb4 4. e3 O-O 5. Bd3 d5 6. cxd5 exd5 7. Nge2 Bd6 8. Ng3 Re8 9. O-O a5 10. Nf5 Bxf5 11. Bxf5 c6 12. Kh1 Na6 13. a3 Nc7 14. f3 c5 15. Ne2 Ne6 16. Bb1 Qc7 17. Nc3 Qc6 18. Bc2 b5 19. Qd3 Nc7 20. e4 cxd4 21. exd5 Ncxd5 22. Nxb5 Bc5 23. Ba4 Qa6 24. Bg5 Re5 25. Bxf6 Qxf6 26. Rac1 Ne3 27. Rf2 Qh4 28. g3 Qh6 29. f4 Ng4 30. Rg2 Re3 31. Qf5 Qh3 32. Qxc5 Rae8 33. Qc2 d3 34. Qd1 Re2 35. Rxe2 dxe2 36. Qxe2 Rd8 37. Qg2 Qh5 38. h4 Ne3 39. Qf2 1-0

[Event "EYTCC U18 Girls 2019"]
[Site "Pardubice"]
[Date "2019.07.15"]
[Round "5.27"]
[White "Kopcova, Ludmila"]
[Black "Muetsch, Annmarie"]
[Result "0-1"]
[ECO "E83"]
[WhiteElo "1980"]
[BlackElo "2266"]
[Annotator "ChessBase"]
[PlyCount "82"]
[EventDate "2019.07.11"]
[EventType "swiss"]
[EventCountry "CZE"]
[SourceTitle "playchess.com"]
[Source "ChessBase"]
[SourceQuality "1"]
[WhiteTeam "Czech Republic"]
[BlackTeam "Germany"]
[WhiteTeamCountry "CZE"]
[BlackTeamCountry "GER"]
[TimeControl "40/5400+30:1800+30"]

1. d4 Nf6 2. c4 g6 3. Nc3 Bg7 4. e4 d6 5. f3 O-O 6. Be3 Nc6 7. Nge2 a6 8. Qd2 Na5 9. Ng3 b5 10. cxb5 axb5 11. Rc1 c6 12. d5 b4 13. Nb1 c5 14. Bh6 e6 15. dxe6 Bxe6 16. Bxg7 Kxg7 17. b3 Qb6 18. Qf2 Nc6 19. Bd3 Ne5 20. Rd1 Qa5 21. Bc2 Qxa2 22. O-O Rad8 23. Nc3 Qa8 24. Nce2 Nc6 25. Ra1 Qb7 26. f4 Ng4 27. Qf3 c4 28. h3 Qb6+ 29. Kh1 Ne3 30. Rfc1 Nxc2 31. Rxc2 c3 32. Rb1 Na5 33. Nc1 d5 34. exd5 Bxd5 35. Qf1 f5 36. Re2 Rfe8 37. Qe1 Bf7 38. Kh2 Rxe2 39. Ngxe2 Qe3 40. Qf1 Rd2 41. Ng3 c2 0-1

[Event "EYTCC U18 Girls 2019"]
[Site "Pardubice"]
[Date "2019.07.15"]
[Round "5.28"]
[White "Schneider, Jana"]
[Black "Gresova, Zuzana"]
[Result "1/2-1/2"]
[ECO "B90"]
[WhiteElo "2216"]
[BlackElo "1919"]
[Annotator "NA"]
[PlyCount "75"]
[EventDate "2019.07.11"]
[EventType "swiss"]
[EventCountry "CZE"]
[SourceTitle "playchess.com"]
[Source "ChessBase"]
[SourceQuality "1"]
[WhiteTeam "Germany"]
[BlackTeam "Czech Republic"]
[WhiteTeamCountry "GER"]
[BlackTeamCountry "CZE"]
[TimeControl "40/5400+30:1800+30"]

1. e4 c5 2. Nf3 d6 3. d4 cxd4 4. Nxd4 Nf6 5. Nc3 a6 6. Be3 e5 7. Nf3 Be7 8. Bc4 O-O 9. O-O Be6 10. Bb3 b5 11. a3 Nc6 12. Bg5 Na5 13. Bxf6 Bxf6 14. Bd5 Rc8 15. Qd2 Qd7 16. Rad1 Rfd8 17. Rfe1 h6 18. Qe2 Qc7 19. Rd2 Be7 20. Red1 Qb6 21. Ne1 Rc7 22. Bxe6 fxe6 23. Qg4 Kf7 24. Rd3 Bf6 25. Rf3 Rf8 26. Ne2 Ke7 27. Ng3 Rf7 28. Nh5 Nb7 29. Qg6 Nd8 30. Nxg7 Bxg7 31. Rxf7+ Nxf7 32. Qxg7 Rc4 33. Qg4 d5 34. Qh4+ Ke8 35. Qf6 Rxe4 36. Nf3 Rf4 37. Qg6 Qd6 38. Qg3 1/2-1/2

[Event "EYTCC U18 Girls 2019"]
[Site "Pardubice"]
[Date "2019.07.15"]
[Round "5.29"]
[White "Lehaci, Miruna-Daria"]
[Black "Katkov, Michelle"]
[Result "1/2-1/2"]
[ECO "A18"]
[WhiteElo "2201"]
[BlackElo "2129"]
[Annotator "NA"]
[PlyCount "62"]
[EventDate "2019.07.11"]
[EventType "swiss"]
[EventCountry "CZE"]
[SourceTitle "playchess.com"]
[Source "ChessBase"]
[SourceQuality "1"]
[WhiteTeam "Romania"]
[BlackTeam "Israel"]
[WhiteTeamCountry "ROU"]
[BlackTeamCountry "ISR"]
[TimeControl "40/5400+30:1800+30"]

1. c4 Nf6 2. Nc3 e6 3. e4 d5 4. e5 d4 5. exf6 dxc3 6. bxc3 Qxf6 7. d4 e5 8. Nf3 exd4 9. cxd4 Bb4+ 10. Bd2 Bxd2+ 11. Qxd2 c5 12. Be2 Nc6 13. Rd1 cxd4 14. Nxd4 Nxd4 15. Qxd4 Qxd4 16. Rxd4 Be6 17. O-O Rd8 18. Rxd8+ Kxd8 19. f4 f6 20. Bd3 h6 21. Kf2 Re8 22. a3 b6 23. c5 bxc5 24. Rc1 Ke7 25. Rxc5 Kd6 26. Rb5 Bd5 27. Ra5 Re7 28. g3 Bc6 29. Bb5 Bd5 30. Be2 Bf7 31. Bf3 Bc4 1/2-1/2

[Event "EYTCC U18 Girls 2019"]
[Site "Pardubice"]
[Date "2019.07.15"]
[Round "5.30"]
[White "Levitan, Ronit"]
[Black "Ciolacu, Alessia-Mihaela"]
[Result "0-1"]
[ECO "B22"]
[WhiteElo "2022"]
[BlackElo "2199"]
[Annotator "ChessBase"]
[PlyCount "58"]
[EventDate "2019.07.11"]
[EventType "swiss"]
[EventCountry "CZE"]
[SourceTitle "playchess.com"]
[Source "ChessBase"]
[SourceQuality "1"]
[WhiteTeam "Israel"]
[BlackTeam "Romania"]
[WhiteTeamCountry "ISR"]
[BlackTeamCountry "ROU"]
[TimeControl "40/5400+30:1800+30"]

1. e4 c5 2. c3 d5 3. exd5 Qxd5 4. d4 Nf6 5. Nf3 Bf5 6. Be3 Nc6 7. Na3 cxd4 8. Bc4 Qd7 9. Nxd4 Nxd4 10. Bxd4 a6 11. Qb3 e6 12. Rd1 Qc6 13. O-O Be7 14. Nb5 O-O 15. Bxf6 Bxf6 16. Nd4 Bxd4 17. Rxd4 b5 18. Bd3 e5 19. Bxf5 exd4 20. cxd4 Rad8 21. Rd1 Rfe8 22. h3 Qd5 23. Qc2 g6 24. Bg4 Qxa2 25. Bf3 Qa5 26. Qc5 Re1+ 27. Kh2 Rxd1 28. Bxd1 Qd2 29. Bf3 Qxd4 0-1

[Event "EYTCC U18 Girls 2019"]
[Site "Pardubice"]
[Date "2019.07.15"]
[Round "5.31"]
[White "Sahin, Hayrun Nisa"]
[Black "Sliwicka, Alicja"]
[Result "0-1"]
[ECO "B56"]
[WhiteElo "1772"]
[BlackElo "2261"]
[Annotator "NA"]
[PlyCount "110"]
[EventDate "2019.07.11"]
[EventType "swiss"]
[EventCountry "CZE"]
[SourceTitle "playchess.com"]
[Source "ChessBase"]
[SourceQuality "1"]
[WhiteTeam "Turkey"]
[BlackTeam "Poland"]
[WhiteTeamCountry "TUR"]
[BlackTeamCountry "POL"]
[TimeControl "40/5400+30:1800+30"]

1. e4 c5 2. Nf3 d6 3. d4 cxd4 4. Nxd4 Nf6 5. Nc3 Bd7 6. f3 e5 7. Nb3 Be7 8. Be3 O-O 9. Qd2 a5 10. a4 Na6 11. Bb5 Be6 12. Nd5 Bxd5 13. exd5 Nb4 14. c4 b6 15. Nc1 Nh5 16. g4 Bh4+ 17. Kd1 Nf4 18. Bxf4 exf4 19. Na2 Nxa2 20. Rxa2 Qf6 21. Qc3 Qe7 22. b3 f5 23. Re2 Qf7 24. Rg1 Ra7 25. h3 Re7 26. Rgg2 Bf6 27. Qd3 Be5 28. Qxf5 Qxf5 29. gxf5 Rxf5 30. Ba6 Rc7 31. Bb5 Kf7 32. Kd2 Rh5 33. Rh2 Ke7 34. Re1 Kd8 35. Reh1 Re7 36. Re2 Rg5 37. Rhh2 Rg3 38. Ref2 Bd4 39. Rf1 Re3 40. Re2 Rxh3 41. Rxe3 Bxe3+ 42. Kd3 Rh2 43. Ke4 g6 44. Kd3 h5 45. Rb1 h4 46. b4 axb4 47. Rxb4 Rd2+ 48. Kc3 Rd1 49. c5 Bd2+ 50. Kc2 Bxb4 51. Kxd1 h3 52. Bf1 h2 53. Bg2 dxc5 54. Ke2 c4 55. Kf2 Kc7 0-1